 Dungeon Crawl Stone Soup version 0.20.0-15-g7f486f2 (webtiles) character file.

150 Mysteryquy the Shield-Bearer (level 5, -2/28 HPs)
             Began as a Vine Stalker Fighter on June 11, 2017.
             Slain by a water moccasin (3 damage)
             ... on level 6 of the Dungeon.
             The game lasted 00:05:52 (2775 turns).

Mysteryquy the Shield-Bearer (Vine Stalker Fighter) Turns: 2775, Time: 00:05:55

Health: -2/28      AC:  9    Str: 18    XL:     5   Next: 32%
Magic:  0/6        EV:  7    Int:  8    God:
Gold:   249        SH:  9    Dex: 15    Spells: 4/4 levels left

rFire    . . .     SeeInvis .   l - +3 dagger (venom)
rCold    . . .     Gourm    .   c - +0 shield
rNeg     . . .     Faith    .   b - +0 scale mail
rPois    .         Spirit   +   (no helmet)
rElec    .         Reflect  .   (no cloak)
rCorr    +         Harm     .   (no gloves)
MR       +....                  t - +1 pair of boots
Stlth    ..........             (no amulet)
Regen    0.5/turn               p - ring of protection from magic
MPRegen  0.1/turn               z - ring of resist corrosion

@: lethally poisoned (-2 -> -22), about to teleport
A: fangs 2, regeneration 1, magic shield, antimagic bite, no potion heal 3, rot
immunity
a: no special abilities


You were on level 6 of the Dungeon.
You were not hungry.

You visited 1 branch of the dungeon, and saw 5 of its levels.

You collected 249 gold pieces.

Inventory:

Hand Weapons
 a - a +0 rapier
 e - a +1 dagger of pain
 l - a +3 dagger of venom (weapon)
Armour
 b - a +0 scale mail (worn)
 c - a +0 shield (worn)
 t - a +1 pair of boots (worn)
Jewellery
 p - a ring of protection from magic (left hand)
 x - an uncursed ring of protection from fire
 z - a ring of resist corrosion (right hand)
Scrolls
 i - a scroll of magic mapping
 j - 4 scrolls of identify
 m - a scroll of remove curse
 u - 2 scrolls of fear
Potions
 d - 2 potions of might
 g - a potion of degeneration {unknown}
 n - 2 potions of brilliance {unknown}
 q - a potion of mutation
 s - a potion of haste {unknown}
 A - a potion of heal wounds {unknown}
Comestibles
 f - 2 bread rations
 h - 3 meat rations
 k - a royal jelly


   Skills:
 + Level 3.4 Fighting
 + Level 2.4 Short Blades
 + Level 3.3 Armour
 + Level 0.1 Dodging
 + Level 3.6 Shields


You had 4 spell levels left.
You didn't know any spells.

Dungeon Overview and Level Annotations

Branches:
Dungeon (4/15)             Temple (0/1) D:6

Altars:

Annotations:
D:3 ShornTheSheep's ghost, amateur GrBe
D:6 1 runed door


Innate Abilities, Weirdness & Mutations

You have extremely sharp teeth.
Your natural rate of healing is unusually fast.
When hurt, damage is shared between your health and your magic reserves.
Your bite disrupts and absorbs the magic of your enemies.
Potions cannot restore your health.
You are immune to rotting.


Message History

The water moccasin poisons you!
The water moccasin bites you but does no damage.
As you read the scroll labeled SENAUC NEDA, it crumbles to dust.
You feel aware of your surroundings.
It was a scroll of magic mapping.
* * * LOW HITPOINT WARNING * * *
You feel very sick. The adder bites you.
* * * LOW HITPOINT WARNING * * *
The worker ant bites you but does no damage.
You block the water moccasin's attack. x3
The soldier ant stings you but does no damage.
As you read the scroll labeled BATAC COARROG, it crumbles to dust.
It is a scroll of identify.
q - a potion of mutation
* * * LOW HITPOINT WARNING * * *
You feel sick. You block the adder's attack.
The water moccasin barely misses you.
The worker ant bites you but does no damage.
The water moccasin bites you.
You die...

*,,,******,,,,,,,,,,**
*,,##...,#*,,,,,,,,,**
*,,*.aa,.+**,,,,,****,
*,**.)a,.*,##,,,,,,,,,
*,*,..a.#*y.#**,,,,,,,
*,*##'##*yy.,,****,,,,
#,,,.a[,#y,,,,,+,****,
#.###a###,,,,,****,,,,
#.#.a@Sa##,,***,,,,,,,
#.##SSS..#,**,,,,,,,,,
*,,#.§S..+**,,,,,,,,,,
**,##....#*,,,,,*,,,,,
*,,######,,,,,,*,,,,,
**,...,...,,,,,*,,,,,
**###.,...****,,,,,,
*#*###****,,,,,,
*,,,,,,,,,


You could see 2 soldier ants, 3 water moccasins, 2 worker ants, 4 killer bees
and 2 adders.

Vanquished Creatures
  A hound (D:2)
  4 gnolls
  2 adders (D:2)
  A dart slug (D:1)
  A leopard gecko (D:2)
  2 orcs (D:3)
  2 ball pythons (D:1)
  3 giant cockroaches
  12 goblins
  4 hobgoblins
  2 jackals (D:2)
  5 kobolds
  3 quokkas
  7 bats
  2 frilled lizards
  7 rats
58 creatures vanquished.

Notes
Turn   | Place    | Note
-------+----------+-------------------------------------------
     0 | D:1      | Mysteryquy the Vine Stalker Fighter began the quest for the Orb.
     0 | D:1      | Reached XP level 1. HP: 11/11 MP: 2/2
    68 | D:1      | Reached XP level 2. HP: 5/16 MP: 3/3
   653 | D:1      | Reached XP level 3. HP: 5/20 MP: 4/4
  1665 | D:2      | Gained mutation: Your natural rate of healing is unusually fast. [Vine Stalker growth]
  1665 | D:2      | Reached XP level 4. HP: 24/24 MP: 5/5
  2047 | D:3      | Noticed ShornTheSheep's ghost (amateur GrBe)
  2475 | D:3      | Reached XP level 5. HP: 28/28 MP: 6/6
  2760 | D:4      | Noticed an ogre
  2764 | D:4      | You fall through a shaft for 2 floors!
  2764 | D:6      | Found a runed door.
  2764 | D:6      | Found a runed gate.
  2764 | D:6      | Noticed a water moccasin
  2764 | D:6      | Noticed a water moccasin
  2764 | D:6      | Noticed a water moccasin
  2764 | D:6      | Noticed a soldier ant
  2767 | D:6      | Found a runed door.
  2767 | D:6      | Noticed a soldier ant
  2767 | D:6      | Noticed a soldier ant
  2767 | D:6      | Noticed a soldier ant
  2767 | D:6      | Noticed a soldier ant
  2775 | D:6      | HP: 1/28 [poisoned by a water moccasin]
  2775 | D:6      | Slain by a water moccasin

Skill      XL: |  1  2  3  4 |
---------------+-------------+-----
Fighting       | 3 |  3.4
Shields        | 3 |  3.6
Armour         | 3 |  3.3
Short Blades   | 2 |  2.4
Dodging        | |  0.1

Action                   |  1- 3 |  4- 6 || total
-------------------------+-------+-------++-------
Melee: Dagger            |    92 |    80 ||   172
       Bite              |    29 |    27 ||    56
       Rapier            |     2 |       ||     2
  Use: Scroll            |       |     9 ||     9
  Eat: Chunk             |     2 |     4 ||     6
Armor: Scale mail        |    17 |    42 ||    59
Dodge: Dodged            |    25 |    35 ||    60
Block: Shield            |    46 |    45 ||    91
